 Dungeon Crawl Stone Soup version 0.30-a0-782-ge64f9170bb (webtiles) character file.

Game seed: 13154669076479445307

1239 Lavandula the Carver (level 8, 0/58 HPs)
             Began as a Human Monk on Feb 20, 2023.
             Was a Priest of Elyvilon.
             Slain by Pikel
             ... wielding a +0 whip of freezing
              (9 damage)
             ... on level 6 of the Dungeon.
             The game lasted 00:10:49 (5667 turns).

Lavandula the Carver (Human Monk)                   Turns: 5667, Time: 00:10:50

Health: 0/58       AC: 13    Str: 13    XL:     8   Next: 78%
Magic:  11/11      EV: 11    Int: 12    God:    Elyvilon [***...]
Gold:   313        SH:  0    Dex: 15    Spells: 7/7 levels left

rFire   . . .      SeeInvis .    a - +0 falchion
rCold   . . .      Faith    .    (no shield)
rNeg    . . .      Spirit   .    m - +0 chain mail
rPois   .          Reflect  .    q - +1 helmet
rElec   .          Harm     .    e - +1 cloak
rCorr   .          Rampage  .    n - +0 pair of gloves
Will    .....                    (no boots) Stlth
                                 (no amulet)
HPRegen 0.29/turn                o - +5 ring of evasion
MPRegen 0.12/turn                (no ring)

@: invisible
A: no striking features
a: Renounce Religion, Purification, Heal Other, Heal Self


You were on level 6 of the Dungeon.
You worshipped Elyvilon.
Elyvilon was most pleased with you.
You visited 2 branches of the dungeon, and saw 7 of its levels.

You collected 333 gold pieces.
You spent 20 gold pieces at shops.

Inventory:

Hand Weapons
 a - a +0 falchion (weapon)
 i - a +1 dagger of draining
 k - a +0 halberd
Missiles
 f - 11 boomerangs (quivered)
Armour
 e - a +1 cloak (worn)
 l - a +0 animal skin
 m - a +0 chain mail (worn)
 n - a +0 pair of gloves (worn)
 q - a +1 helmet (worn)
Jewellery
 o - a +5 ring of evasion (left hand)
Wands
 w - a wand of polymorph (18)
Scrolls
 g - 2 scrolls of amnesia
 h - a scroll of immolation {unknown}
 p - 3 scrolls of teleportation {unknown}
 t - 2 scrolls of enchant armour {unknown}
 v - a scroll of vulnerability
Potions
 c - a potion of might
 r - a potion of brilliance {unknown}
 x - a potion of lignification {unknown}


   Skills:
 - Level 3.0 Fighting
 - Level 3.6(6.4) Short Blades
 - Level 8.3(8.7) Long Blades
 - Level 2.3 Throwing
 - Level 3.0 Dodging
 - Level 2.0 Stealth
 + Level 4.1 Invocations


You had 7 spell levels left.
You didn't know any spells.
Your spell library contained the following spells:

 Spells                   Type           Power      Damage    Failure   Level
 Beastly Appendage        Tmut           0%         N/A       100%        1
 Static Discharge         Conj/Air       0%         2-2/arc   100%        2
 Wereblood                Tmut           0%         N/A       100%        2
 Portal Projectile        Hex/Tloc       0%         N/A       100%        3
 Spider Form              Tmut/Pois      0%         N/A       100%        3
 Tukima's Dance           Hex            0%         N/A       100%        3
 Vhi's Electric Charge    Tloc/Air       0%         N/A       100%        3
 Arcjolt                  Conj/Air       0%         1d10      100%        5
 Blade Hands              Tmut           0%         N/A       100%        5
 Lightning Bolt           Conj/Air       0%         1d11      100%        5


Dungeon Overview and Level Annotations

Branches:
Dungeon (6/15)             Temple (1/1) D:6

Altars:
Cheibriados
Elyvilon
Fedhas
Kikubaaqudgha
Makhleb
Nemelex Xobeh
Okawaru
Uskayaw
Vehumet

Shops:
D:5 ?

Annotations:
D:3 2 transporters, wolong's ghost, amateur DEHW
D:5 Dowan; Duvessa
D:6 Pikel


Message History

You hit Pikel but do no damage.
Pikel is severely wounded.
Pikel hits you with a +0 whip of freezing!
* * * LOW HITPOINT WARNING * * *
Pikel freezes you.
* * * LOW HITPOINT WARNING * * *
You hit Pikel.
Pikel is almost dead.
It was a potion of might.
You feel very mighty all of a sudden.
Pikel says, "You'll feel the lick of my whip!"
Pikel hits you but does no damage.
You feel better.
Pikel hits you with a +0 whip of freezing.
* * * LOW HITPOINT WARNING * * *
Pikel freezes you.
* * * LOW HITPOINT WARNING * * *
It was a potion of cancellation.
Your magical effects are unravelling.
You feel magically purged.
You feel a little less mighty now. Pikel closely misses you.
It was a potion of invisibility.
You fade into invisibility!
Pikel hits you but does no damage.
You catch the helpless Pikel completely off-guard!
You slash Pikel!
Pikel is almost dead.
Pikel barely misses you.
You catch the helpless Pikel completely off-guard!
You hit Pikel but do no damage.
Pikel is almost dead.
Pikel hits you with a +0 whip of freezing.
* * * LOW HITPOINT WARNING * * *
Pikel freezes you.
* * * LOW HITPOINT WARNING * * *
You hit Pikel but do no damage.
Pikel is almost dead.
Pikel hits you with a +0 whip of freezing!
You die...

# ###...###.#..####.#
#.#.^.###...##.## #.#
#...#........#..# #.#
#.....##..>..##...#..
##.....#........#....
#####.##...###...###
#...#.### .###
######.#.#.#... ..
#555K@.......### #
#.#######.#.## ##)##
#..?# #####5K.##
##### .5.....5#.#
.#####.#.## ##.##
#...K..)# 5.K......#


You could see Pikel (unable to see you) and 3 lemures.

Vanquished Creatures
  Grinder (D:4)
  An ogre (D:4)
  A centaur (D:5)
  2 necrophages
  A scorpion (D:5)
  An orc priest (D:4)
  3 hounds
  5 iguanas
  9 orc wizards
  Robin (D:2)
  3 gnolls
  6 adders
  A worm (D:4)
  2 dart slugs
  21 orcs
  10 bats
  6 endoplasms
  2 giant cockroaches (D:4)
  14 goblins
  14 hobgoblins
  9 jackals
  5 quokkas
  5 ball pythons
  3 kobolds
  4 rats
130 creatures vanquished.

Notes
Turn   | Place    | Note
-------+----------+-------------------------------------------
     0 | D:1      | Lavandula the Human Monk began the quest for the Orb.
     0 | D:1      | Reached XP level 1. HP: 18/18 MP: 1/1
   424 | D:1      | Reached XP level 2. HP: 21/24 MP: 2/2
   775 | D:1      | Reached skill level 4 in Long Blades
   775 | D:1      | Reached XP level 3. HP: 26/29 MP: 3/3
   830 | D:1      | Found a faded altar of an unknown god.
   975 | D:2      | Found a radiant altar of Vehumet.
  1100 | D:2      | Noticed Robin
  1241 | D:1      | Reached XP level 4. HP: 9/35 MP: 4/4
  1636 | D:2      | Reached skill level 1 in Short Blades
  1660 | D:2      | Killed Robin
  2123 | D:3      | Reached XP level 5. HP: 41/41 MP: 5/5
  2401 | D:3      | Noticed a small abomination
  2454 | D:3      | Noticed a small abomination
  2454 | D:3      | Found the +8 demon trident "Rift" {distort, reach+}
  2645 | D:3      | Found a transporter.
  2645 | D:3      | Noticed a small abomination
  2688 | D:3      | Found a white marble altar of Elyvilon.
  2719 | D:3      | Became a worshipper of Elyvilon the Healer
  2719 | D:3      | Reached * piety under Elyvilon
  2719 | D:3      | Reached ** piety under Elyvilon
  2913 | D:3      | Found a transporter.
  2946 | D:3      | Noticed wolong's ghost (amateur DEHW)
  3187 | D:4      | Found a snail-covered altar of Cheibriados.
  3197 | D:4      | Reached XP level 6. HP: 35/47 MP: 6/6
  3349 | D:4      | Reached skill level 1 in Throwing
  3399 | D:4      | Reached skill level 1 in Invocations
  3503 | D:4      | Noticed Grinder
  3518 | D:4      | Paralysed by Grinder for 4 turns
  3532 | D:4      | Killed Grinder
  3533 | D:4      | Reached XP level 7. HP: 49/52 MP: 6/10
  3878 | D:4      | Reached *** piety under Elyvilon
  3890 | D:4      | Reached skill level 5 in Long Blades
  4309 | D:5      | Entered Level 5 of the Dungeon
  4309 | D:5      | Found a hide-covered altar of Uskayaw.
  4326 | D:5      | Reached skill level 6 in Long Blades
  4326 | D:5      | Reached XP level 8. HP: 43/58 MP: 11/11
  4383 | D:5      | Noticed Dowan
  4384 | D:5      | Noticed Duvessa
  4824 | D:5      | Reached skill level 7 in Long Blades
  5167 | D:5      | Found The Oracle's Delphic Readings.
  5171 | D:5      | Bought a scroll of identify for 20 gold pieces
  5249 | D:6      | Reached skill level 8 in Long Blades
  5446 | D:6      | Noticed Sigmund
  5448 | D:6      | Sigmund changed into Sigmund the jackal
  5448 | D:6      | Noticed Sigmund
  5450 | D:6      | Killed Sigmund the jackal
  5466 | D:6      | Found a staircase to the Ecumenical Temple.
  5496 | Temple   | Entered the Ecumenical Temple
  5606 | D:6      | Noticed Pikel
  5667 | D:6      | Slain by Pikel

Illustrated notes

Levels and vault maps discovered:
D:1:      ncdulo_lavacross, layout_basic, ebering_ecumenical_altar_ruins
D:2:      layout_loops_cross, basic_altar, minmay_misc_feat_chi, uniq_robin
D:3:      layout_loops_corners, elyvilon_altar_3, gammafunk_ghost_abyssal_escape
D:4:      layout_loops_cross, slow_altar_2, serial_rivers,
          chequers_serial_rivers_micro_e, chequers_serial_rivers_small_a,
          chequers_serial_rivers_large_b, chequers_serial_rivers_marsh,
          chequers_serial_rivers_room_a, chequers_serial_rivers_micro_b,
          serial_bayou_pond_a, uniq_grinder
D:5:      layout_cave_pools, minitemple, nzn_overflow_gifts_of_might_and_magic,
          mainiacjoe_overflow_catwalk_spiral, nicolae_nh_oracle_at_delphi,
          uniq_eustachio, uniq_duvessa, uniq_edmund
D:6:      layout_loops_ring, minmay_temple_entry_slanted, uniq_sigmund,
          uniq_pikel
Temple:   hellmonk_temple_flake

Skill      XL: |  1  2  3  4  5  6  7  8 |
---------------+-------------------------+-----
Long Blades    | 4 6 8 |  8.3
Short Blades   | 2 3 |  3.6
Throwing       | 2 |  2.3
Invocations    | 4 |  4.1
Fighting       | |  3.0
Dodging        | |  3.0
Stealth        | |  2.0

Action                     |  1- 3 |  4- 6 |  7- 9 || total
---------------------------+-------+-------+-------++-------
  Melee: Falchion          |    99 |    78 |   286 ||   463
         Punch             |     1 |     1 |     2 ||     4
         Dagger            |       |   102 |       ||   102
         Unarmed           |       |    10 |       ||    10
  Throw: Boomerang         |    14 |     9 |     9 ||    32
         Dart              |       |       |     6 ||     6
  Evoke: Wand              |       |       |     2 ||     2
    Use: Potion            |       |     2 |     5 ||     7
         Scroll            |       |       |     4 ||     4
   Stab: Sleeping          |     1 |     1 |       ||     2
         Invisible         |       |       |     2 ||     2
 Armour: Robe              |    24 |     2 |       ||    26
         Chain mail        |       |    72 |   162 ||   234
         Skin              |       |     2 |       ||     2
  Dodge: Dodged            |    94 |    74 |   141 ||   309

Table legend: (Time is in decaauts)
 A = Elapsed time spent in this place.
 B = Non-inter-level travel time spent in this place.
 C = Inter-level travel time spent in this place.
 D = Time resting spent in this place.
 E = Time spent auto-exploring this place.
 F = Levels seen in this place.
 G = Mean time per level.
                   A        B        C        D        E       F      G
               +--------+--------+--------+--------+--------+-----+--------+
         Total |   5673 |   5359 |    314 |    735 |   3274 |   7 |  810.4 |
       Dungeon |   5601 |   5290 |    311 |    735 |   3211 |   6 |  933.5 |
        Temple |     72 |     69 |      3 |      0 |     63 |   1 |   72.0 |
               +--------+--------+--------+--------+--------+-----+--------+

Top non-repeatable levels by time:
     D:4: 1542 daAuts
     D:1: 1150 daAuts
     D:3: 1019 daAuts
     D:2: 944 daAuts
     D:5: 593 daAuts
     D:6: 351 daAuts
  Temple: 72 daAuts
